 Dungeon Crawl Stone Soup version 0.30-a0-937-ga0a21ad780 (webtiles) character file.

Game seed: 15224329670031179090

2302 FexLirch the Thaumaturge (level 9, -3/40 HPs)
             Began as a Spriggan Hedge Wizard on Mar 24, 2023.
             Was a Follower of Sif Muna.
             Slain by a manticore (9 damage)
             ... on level 9 of the Dungeon.
             The game lasted 00:35:35 (9472 turns).

FexLirch the Thaumaturge (Spriggan Hedge Wizard)    Turns: 9472, Time: 00:35:36

Health: -3/40      AC:  3    Str:  6    XL:     9   Next: 17%
Magic:  17/22      EV: 18    Int: 19    God:    Sif Muna [*.....]
Gold:   527        SH:  0    Dex: 21    Spells: 10/24 levels left

rFire   . . .      SeeInvis +    o - +0 dagger (drain)
rCold   . . .      Faith    .    (no shield)
rNeg    . . .      Spirit   .    y - +0 animal skin
rPois   +          Reflect  .    c - melded +1 hat
rElec   .          Rampage  .    G - +0 cloak
rCorr   .                        (gloves unavailable)
Will    +....                    (boots unavailable)
Stlth   ++++                     (no amulet)
HPRegen 0.26/turn                I - +6 ring of dexterity
MPRegen 0.18/turn                n - ring of poison resistance

@: appendages, very quick
A: horns 2, talons 2, very small, no large weapons, unfitting armour, see
invisible, speed 3
a: End Transformation, Renounce Religion, Channel Magic


You were on level 9 of the Dungeon.
You worshipped Sif Muna.
Sif Muna was aware of your devotion.
You had temporarily grown beastly horns and talons.
You visited 2 branches of the dungeon, and saw 10 of its levels.

You collected 527 gold pieces.

Inventory:

Hand Weapons
 a - a +0 dagger
 j - a +0 sling
 o - a +0 dagger of draining (weapon)
 O - a +2 dagger of venom
Missiles
 f - 93 stones
 C - 3 poisoned darts
 F - a throwing net
Armour
 b - a +0 robe
 c - a +1 hat (melded)
 y - a +0 animal skin (worn)
 G - a +0 cloak (worn)
Magical Staves
 r - a staff of air
Jewellery
 n - a ring of poison resistance (right hand)
 x - the ring of Xoor {Fly rC++ Dex+4}
   (You found it on level 3 of the Dungeon)

   [ring of flight]

   Dex:       It affects your dexterity (+4).
   rC:        It greatly protects you from cold.
   Fly:       It grants you flight.
 I - a +6 ring of dexterity (left hand)
Wands
 p - a wand of mindburst (10)
 H - a wand of charming (17)
 M - a wand of acid (11)
Scrolls
 h - a scroll of summoning {unknown}
 i - a scroll of amnesia {unknown}
 k - 2 scrolls of teleportation
 l - 2 scrolls of blinking
 m - 4 scrolls of enchant armour
 s - 2 scrolls of poison
 t - a scroll of immolation {unknown}
 u - 2 scrolls of noise
 J - a scroll of torment {unknown}
 L - 2 scrolls of silence
 P - a scroll of magic mapping {unknown}
Potions
 d - 4 potions of magic
 e - 2 potions of curing
 g - a potion of resistance {unknown}
 q - 2 potions of attraction
 v - a potion of might {unknown}
 w - a potion of haste
 z - a potion of brilliance {unknown}
 A - a potion of lignification {unknown}
 B - 2 potions of flight
 D - a potion of cancellation {unknown}
 E - a potion of invisibility {unknown}
 K - a potion of degeneration {unknown}
 N - a potion of berserk rage {unknown}


   Skills:
 + Level 0.7 Fighting
 - Level 1.5 Short Blades
 - Level 2.6 Dodging
 + Level 5.9 Stealth
 + Level 8.3 Spellcasting
 - Level 1.3 Conjurations
 - Level 2.0 Summonings
 - Level 3.0 Translocations
 + Level 6.5 Transmutations
 + Level 4.7 Air Magic
 + Level 0.6 Earth Magic
 + Level 5.1 Poison Magic


You had 10 spell levels left.
You knew the following spells:

 Your Spells              Type           Power      Damage    Failure   Level
a - Magic Dart            Conj           48%        1d5       5%          1
b - Blink                 Tloc           38%        N/A       3%          2
c - Call Imp              Summ           15%        N/A       6%          2
d - Mephitic Cloud        Conj/Pois/Air  22%        N/A       6%          3
e - Beastly Appendage     Tmut           64%        N/A       1%          1
f - Wereblood             Tmut           32%        N/A       1%          2
g - Spider Form           Tmut/Pois      30%        N/A       2%          3

Your spell library contained the following spells:

 Spells                   Type           Power      Damage    Failure   Level
 Cigotuvi's Dreadful Rot  Necr/Pois/Air  40%        N/A       3%          2
 Slow                     Hex            28%        N/A       9%          1
 Sublimation of Blood     Necr           7%         N/A       14%         2
 Petrify                  Tmut/Erth      21%        N/A       21%         4
 Iskenderun's Battlesphe  Conj           12%        2d7       82%         5
 Fireball                 Conj/Fire      5%         3d5       88%         5
 Metabolic Englaciation   Hex/Ice        3%         N/A       94%         5
 Statue Form              Tmut/Erth      14%        N/A       97%         6
 Conjure Ball Lightning   Conj/Air       9%         3x3d6     98%         6
 Orb of Destruction       Conj           6%         9d6       100%        7
 Summon Hydra             Summ           7%         N/A       100%        7


Dungeon Overview and Level Annotations

Branches:
Dungeon (9/15)             Temple (1/1) D:5
   Lair: D:8-11         Orc: D:9-12

Altars:
Ashenzari
Cheibriados
Dithmenos
Elyvilon
Fedhas
Hepliaklqana
Kikubaaqudgha
Makhleb
Nemelex Xobeh
Okawaru
Qazlal
Ru
Sif Muna
Trog
Uskayaw
Vehumet
Wu Jian
Xom
Yredelemnul
Zin
The Shining One

Annotations:
D:7 2 transporters, hikkokomori's ghost, novice BaHu


Innate Abilities, Weirdness & Mutations

You have temporarily grown beastly horns and talons.
You are very small and have problems with some larger weapons.
You are too small for most types of armour.
You have supernaturally acute eyesight. (SInv)
You cover ground extremely quickly. (Speed+++)


Message History

Aim: a manticore (chance to affect: 58%)
The ball explodes into a vile cloud!
The stinking cloud engulfs the manticore but does no damage.
You hear an angry buzzing noise.
The manticore is engulfed in noxious fumes.
The manticore appears confused.
You hear a shout!
Casting: Mephitic Cloud (dangerous; 6% risk of failure)
Confirm with . or Enter, or press ? or * to list all spells.
You grow a pair of large bovine horns.
Your feet morph into talons.
Your +1 hat melds into your body.
The manticore is engulfed in noxious fumes.
The manticore appears confused.
You strike the helpless manticore from behind!
You impale the manticore!! You headbutt the manticore.
The manticore is heavily wounded.
The manticore is engulfed in noxious fumes.
The manticore misses you. The manticore closely misses you.
The manticore claws you!
* * * LOW HITPOINT WARNING * * *
You feel better.
The manticore is engulfed in noxious fumes.
The manticore appears confused.
The manticore misses you. x2
The manticore barely misses you.
You hit the manticore but do no damage.
You claw the manticore, but do no damage.
The manticore is heavily wounded.
The manticore is engulfed in noxious fumes.
The manticore completely misses you. The manticore claws you!
* * * LOW HITPOINT WARNING * * *
The manticore closely misses you.
You hit the manticore.
You claw the manticore, but do no damage.
You headbutt the manticore.
The manticore is severely wounded.
The manticore is engulfed in noxious fumes.
The manticore completely misses you. The manticore claws you.
* * * LOW HITPOINT WARNING * * *
The manticore claws you!
You die...

.y#.##### .#
........# .# #.#
.# #.# .## #.#
.o### #.# .#..####
#.# .)...... #.#
.###>.# #@#
..##..# #H#
..##..##########.#
..##.............#
..##.#############
..##.# ..##.#
..##.# ..##.#


You could see a manticore (confused).

Vanquished Creatures
  Sigmund (D:5)
  A water moccasin (D:7)
  A phantom (D:6)
  3 centaurs
  A bullfrog (D:7)
  4 scorpions
  A gnoll sergeant (D:8)
  A killer bee (D:9)
  2 howler monkeys
  3 hounds
  5 orc priests
  Crazy Yiuf (D:6)
  3 sleepcaps
  4 iguanas
  4 orc wizards
  Ijyb (D:5)
  Robin (D:4)
  7 gnolls
  An adder (D:5)
  A worm (D:2)
  3 dart slugs
  16 orcs
  6 endoplasms
  5 giant cockroaches
  11 goblins
  3 hobgoblins
  2 jackals (D:5)
  6 kobolds
  3 quokkas
  11 ball pythons
  6 bats
  7 frilled lizards
  8 rats
133 creatures vanquished.

Vanquished Creatures (collateral kills)
  A bullfrog (D:8)
  2 howler monkeys (D:7)
  2 orc priests
  2 jellies
  A gnoll bouda (D:5)
  2 iguanas
  An orc wizard (D:4)
  4 gnolls
  4 adders
  A shadow imp (D:5)
  A white imp (D:7)
  2 worms
  2 orcs
  2 ball pythons (D:2)
  2 endoplasms
  A giant cockroach (D:2)
  5 goblins (D:4)
  2 kobolds (D:2)
  A quokka (D:2)
  2 rats (D:2)
40 creatures vanquished.

Vanquished Creatures (others)
  19 plants
19 creatures vanquished.

Grand Total: 192 creatures vanquished

Notes
Turn   | Place    | Note
-------+----------+-------------------------------------------
     0 | D:1      | FexLirch the Spriggan Hedge Wizard began the quest for the
                  | Orb.
     0 | D:1      | Reached XP level 1. HP: 9/9 MP: 6/6
   367 | D:1      | Reached XP level 2. HP: 8/13 MP: 1/8
   700 | D:1      | Learned a level 2 spell: Blink
   704 | D:1      | Learned a level 2 spell: Call Imp
  1007 | D:1      | Reached XP level 3. HP: 16/16 MP: 0/10
  1123 | D:1      | Reached skill level 1 in Summonings
  1568 | D:2      | Reached skill level 1 in Conjurations
  2007 | D:2      | Reached skill level 5 in Spellcasting
  2402 | D:2      | Reached XP level 4. HP: 21/21 MP: 8/12
  2458 | D:2      | Learned a level 3 spell: Mephitic Cloud
  2989 | D:3      | Reached XP level 5. HP: 15/24 MP: 3/13
  3207 | D:3      | Reached skill level 1 in Short Blades
  3207 | D:3      | Reached skill level 1 in Air Magic
  3207 | D:3      | Reached skill level 1 in Poison Magic
  3272 | D:3      | Found a burning altar of Makhleb.
  3298 | D:3      | Found a basalt altar of Yredelemnul.
  3479 | D:3      | Identified the ring of Xoor {Fly rC++ Dex+4}
  3662 | D:4      | Reached XP level 6. HP: 24/28 MP: 1/15
  3793 | D:4      | Learned a level 1 spell: Beastly Appendage
  3796 | D:4      | Learned a level 2 spell: Wereblood
  3800 | D:4      | Learned a level 3 spell: Spider Form
  4063 | D:4      | Reached skill level 1 in Transmutations
  4070 | D:4      | Noticed Robin
  4177 | D:4      | Killed Robin
  4195 | D:4      | Reached skill level 6 in Spellcasting
  4489 | D:5      | Entered Level 5 of the Dungeon
  4490 | D:5      | Noticed Sigmund
  4506 | D:5      | Found a bloodstained altar of Trog.
  4579 | D:5      | Found a staircase to the Ecumenical Temple.
  4588 | Temple   | Entered the Ecumenical Temple
  4682 | Temple   | Became a worshipper of Sif Muna the Loreminder
  4831 | D:5      | Reached XP level 7. HP: 24/32 MP: 11/17
  5536 | D:5      | Noticed Ijyb
  5547 | D:5      | Killed Ijyb
  6087 | D:5      | Killed Sigmund
  6188 | D:6      | Reached skill level 7 in Spellcasting
  6262 | D:6      | Reached XP level 8. HP: 36/36 MP: 11/19
  6578 | D:6      | Found a runed translucent door.
  6579 | D:6      | Noticed Crazy Yiuf
  6592 | D:6      | Killed Crazy Yiuf
  6689 | D:6      | Reached skill level 5 in Transmutations
  6893 | D:6      | Reached * piety under Sif Muna
  6983 | D:7      | Found a transporter.
  6985 | D:7      | Noticed a two-headed ogre
  6998 | D:7      | Found a bloodstained altar of Trog.
  7013 | D:7      | Noticed a moth of wrath
  7027 | D:7      | Noticed hikkokomori's ghost (novice BaHu)
  7041 | D:7      | Found a transporter.
  7096 | D:7      | Found a blossoming altar of Fedhas.
  7796 | D:7      | Reached skill level 5 in Stealth
  7904 | D:7      | Reached skill level 8 in Spellcasting
  8340 | D:8      | Reached XP level 9. HP: 39/39 MP: 14/22
  8689 | D:8      | Reached skill level 5 in Poison Magic
  9235 | D:9      | Noticed a salamander
  9235 | D:9      | Noticed a manticore
  9472 | D:9      | Slain by a manticore

Illustrated notes

Levels and vault maps discovered:
D:1:      saegor_arrival_simple_d, layout_loops_ring,
          hangedman_decor_clover_reticule
D:2:      layout_basic, minmay_joined_circles
D:3:      layout_rooms, mainiacjoe_overflow_brackets, lemuel_round_altar
D:4:      cheibrodos_quashed, layout_cave_pools, uniq_robin
D:5:      layout_basic, mainiacjoe_overflow_concentric_impassable,
          minmay_temple_entry_waves, amcnicky_mini_pool_small, uniq_sigmund,
          uniq_ijyb
D:6:      wad_lake_hut, layout_basic, minmay_puff, uniq_crazy_yiuf_cottage
D:7:      layout_basic, fedhas_bush_and_centaur_altar,
          gammafunk_ghost_wrathful_warriors,
          hangedman_abyss_or_decor_jellyfish_corner
D:8:      layout_basic
D:9:      layout_loops_ring, mainiacjoe_overflow_cross_hatched,
          minmay_shattered_shrine, uniq_harold
Temple:   minmay_crystal_spiral_temple

Skill      XL: |  1  2  3  4  5  6  7  8  9 |
---------------+----------------------------+-----
Translocations | 2 3 |  3.0
Summonings     | 1 2 |  2.0
Conjurations   | 1 |  1.3
Spellcasting   | 5 6 7 8 |  8.3
Short Blades   | 1 |  1.5
Air Magic      | 1 2 3 4 |  4.7
Poison Magic   | 1 2 3 4 5 |  5.1
Stealth        | 4 5 |  5.9
Transmutations | 2 4 6 |  6.5
Fighting       | |  0.7
Dodging        | |  2.6
Earth Magic    | |  0.6

Action                     |  1- 3 |  4- 6 |  7- 9 || total
---------------------------+-------+-------+-------++-------
  Melee: Dagger            |    34 |    68 |   102 ||   204
         Unarmed           |       |    23 |    82 ||   105
         Kick              |       |     2 |     5 ||     7
         Headbutt          |       |       |     9 ||     9
         Punch             |       |       |     1 ||     1
   Fire: Sling             |       |    49 |       ||    49
   Cast: Magic Dart        |   103 |    53 |    78 ||   234
         Call Imp          |     8 |    22 |    23 ||    53
         Blink             |     1 |       |     4 ||     5
         Mephitic Cloud    |       |     6 |    20 ||    26
         Spider Form       |       |     3 |    12 ||    15
         Beastly Appendage |       |     3 |     4 ||     7
         Wereblood         |       |     1 |     3 ||     4
Ability: End Transformatio |       |       |     1 ||     1
  Evoke: Wand              |       |       |     4 ||     4
    Use: Potion            |       |     1 |     4 ||     5
         Scroll            |       |       |     8 ||     8
   Stab: Confused          |       |     3 |    15 ||    18
         Sleeping          |       |     1 |     5 ||     6
         Distracted        |       |       |     2 ||     2
 Armour: Robe              |    10 |     2 |       ||    12
         Animal skin       |       |       |     8 ||     8
         Skin              |       |       |     3 ||     3
  Dodge: Dodged            |    34 |    66 |   136 ||   236

Table legend: (Time is in decaauts)
 A = Elapsed time spent in this place.
 B = Non-inter-level travel time spent in this place.
 C = Inter-level travel time spent in this place.
 D = Time resting spent in this place.
 E = Time spent auto-exploring this place.
 F = Levels seen in this place.
 G = Mean time per level.
                   A        B        C        D        E       F      G
               +--------+--------+--------+--------+--------+-----+--------+
         Total |   7297 |   7072 |    225 |    432 |   4732 |  10 |  729.7 |
       Dungeon |   7188 |   7013 |    175 |    432 |   4732 |   9 |  798.7 |
        Temple |    108 |     58 |     50 |      0 |      0 |   1 |  108.0 |
               +--------+--------+--------+--------+--------+-----+--------+

Top non-repeatable levels by time:
     D:1: 1127 daAuts
     D:5: 1092 daAuts
     D:2: 1029 daAuts
     D:8: 896 daAuts
     D:7: 800 daAuts
     D:4: 782 daAuts
     D:3: 650 daAuts
     D:6: 643 daAuts
     D:9: 166 daAuts
  Temple: 108 daAuts
